 Adventure DCSS version bcrawl-1.23.1-30-gcf7fa35852 (webtiles) character file.

Game seed: 3425219797448016636

24976 diana the Severer (level 12, -1/90 (94) HPs)
             Began as a Demonspawn Gladiator on May 30, 2020.
             Was an Initiate of Gozag.
             Slain by a spectral wolf spider (4 damage)
             ... in a Gauntlet.
             The game lasted 00:35:54 (19617 turns).

diana the Severer (Demonspawn Gladiator)           Turns: 19617, Time: 00:35:54

HP:   -1/90 (94)    AC: 26    Str: 15 (18) XL:     12   Next: 85%
MP:   0/12          EV:  4    Int: 14 (15) God:    Gozag
Gold: 1643          SH:  7    Dex: 17 (20) Spells: 11/11 levels left
                                        Lives: 0   Deaths: 2

rFire    + + +     SeeInvis .   C - +3 battleaxe
rCold    + . .     Gourm    .   (shield currently unavailable)
rNeg     . . .     Faith    .   z - +9 scales of the Dragon King {rPois rF+ rC+ MR+}
rPois    +         Spirit   +   (helmet restricted)
rElec    +         Reflect  +   J - scarf {repulsion}
rCorr    .         Harm     .   (no gloves)
MR       ++...     NoTele   +   o - +0 pair of boots
Stlth    ..........             H - +3 amulet of reflection
HPRegen  0.00/turn              I - ring "Suomalir" {rF+ MR+ Int+3 Dex+4}
MPRegen  0.26/turn              A - ring of insulation

@: lethally poisoned (-1 -> -16), gold aura, non-regenerating, badly diseased,
slowed, lightly drained, repel missiles, very slow
A: antennae 1, large bone plates 1, clever 1, fire resistance 1, spiny 2, magic
shield, magic regeneration
a: Potion Petition, Call Merchant, Bribe Branch, Renounce Religion


You were in a Gauntlet.
You worshipped Gozag.
Gozag was most pleased with you.
You were very hungry.

You visited 3 branches of the dungeon, and saw 12 of its levels.
You also visited: Gauntlet and Ice Cave.

You collected 4004 gold pieces.
You spent 948 gold pieces at shops.
You paid 1413 gold pieces to Gozag.

Inventory:

Hand Weapons
 m - a +1 broad axe of flaming
 C - a +3 battleaxe (weapon)
Missiles
 d - 3 throwing nets (quivered) {!f}
Armour
 b - a +0 leather armour
 h - the +1 helmet "Qiuf" {+Blink Int+7}
   (You took it off Robin on level 4 of the Dungeon)

   It affects your intelligence (+7).
   It lets you blink.
 o - a +0 pair of boots (worn)
 z - the +9 scales of the Dragon King (worn) {rPois rF+ rC+ MR+}
   (You found it in an ice cave)

   It protects you from fire.
   It protects you from cold.
   It protects you from poison.
   It affects your resistance to hostile enchantments.
 E - a +0 plate armour
 G - a +0 cloak
 J - a scarf of repulsion (worn)
Jewellery
 c - a +4 ring of intelligence
 A - a ring of insulation (right hand)
 H - a +3 amulet of reflection (around neck)
 I - the ring "Suomalir" (left hand) {rF+ MR+ Int+3 Dex+4}
   (You bought it in a shop on level 8 of the Dungeon)

   [ring of protection from fire]

   It affects your intelligence (+3).
   It affects your dexterity (+4).
   It protects you from fire.
   It affects your resistance to hostile enchantments.
 K - an uncursed amulet of the acrobat
Wands
 j - a wand of polymorph (5)
 F - a wand of paralysis (6)
Scrolls
 g - 5 scrolls of remove curse
 i - 3 scrolls of amnesia
 k - a scroll of teleportation
 l - 4 scrolls of enchant armour
 p - 3 scrolls of enchant weapon {unknown}
 q - 4 scrolls of identify
 r - a scroll of blinking
 s - 3 scrolls of acquirement
 t - 5 scrolls of fog
 u - 4 scrolls of immolation
 v - 3 scrolls of magic mapping
 y - a scroll of noise {unknown}
Potions
 f - 2 potions of magic
 n - a potion of haste
 w - a potion of lignification
 x - 2 potions of flight
 B - 2 potions of heal wounds
 D - 2 potions of cancellation
Comestibles
 e - 11 rations {!d}


   Skills:
 - Level 8.4(8.1) Fighting
 * Level 15.3(14.9) Axes
 - Level 1.7(1.4) Throwing
 + Level 8.4(8.0) Armour
 + Level 8.9(8.6) Dodging


You had 11 spell levels left.
You didn't know any spells.
Your spell library was empty.

Dungeon Overview and Level Annotations

Branches:
Dungeon (9/12)             Temple (0/1) D:6            Lair (2/6) D:9
    Orc (1/1) D:8             Elf (0/3) Orc
  Swamp: Lair:2-4    Shoals: Lair:2-4     Snake: Lair:2-4    Spider: Lair:2-4

Altars:
Cheibriados
Dithmenos
Gozag
Hepliaklqana
Kikubaaqudgha
Lugonu
Okawaru
Sif Muna
Uskayaw
The Shining One
Beogh

Shops:
D:6 *   D:8 =   Orc %?

Annotations:
Gauntlet 13 transporters


Innate Abilities, Weirdness & Mutations

You have a pair of small antennae on your head.
You are partially covered in large bone plates. (SH +4)
You are mostly covered in sharp spines.
When hurt, damage is shared between your health and your magic reserves.
You regenerate magic rapidly.
Your mind is acute. (Int +2)
Your flesh is heat resistant. (rF+)


Message History

You feel sick.
The spectral centaur warrior is no longer distracted by gold.
The spectral wolf spider hits you but does no damage.
You block the spectral wolf spider's attack.
The death drake becomes distracted by the nearby gold, dreaming of imaginary riches.
The spectral wolf spider hits you!
* * * LOW HITPOINT WARNING * * *
You feel drained.
* * * LOW HITPOINT WARNING * * *
You block the spectral wolf spider's attack.
No path to travel!
You slice the spectral wolf spider!!
The spectral wolf spider is almost destroyed.
* * * LOW HITPOINT WARNING * * *
You feel sick.
You block the spectral wolf spider's attack.
The spectral wolf spider bites you but does no damage.
The spectral wolf spider hits you!
You die...
Your body crumbles into a pile of gold.

#################################
................................8
.................................
#######.###########.###########..
}©?[.2#.#..}[©.?..#.#..[[©|...#..
#...#4#.#.##...##.#.#.##...##.#..
..###.#.#.#.###.#.#.#.#.###.#.#..
###...#.#..##.##..#.#Z.##.##..#..
#©..#.#.#....©..@.#.#ZZ..©....#..
..###.#.#..##.##Z.#.#k.##.##..#..
###...#.#.#.###Z#.#.#.#.###.#.#..
#...#.#.#.##...##.#.#.##...##.#..
...442#.#.........#.#...Z.....#..
###############################..
#©...........©...........©#......
#############.#############.....8
.....©#.....#.#..............####


You could see a death drake, a spectral wolf spider, 3 spectral centaur warriors
and a centaur warrior zombie.

Vanquished Creatures
  An orc warlord (Orc)
  A queen ant (Gauntlet)
  5 death yaks
  5 orc high priests (Orc)
  A death drake (Gauntlet)
  4 orc knights (Orc)
  A necromancer (IceCv)
  4 orc sorcerers (Orc)
  A manticore (D:9)
  2 ice statues (IceCv)
  A rust devil (Orc)
  A cane toad (Lair:1)
  2 smoke demons
  An orange demon (Orc)
  A komodo dragon (Lair:1)
  An efreet (D:8)
  10 ice devils (IceCv)
  A freezing wraith (D:8)
  2 red devils
  3 trolls
  5 blink frogs (Lair:2)
  3 hippogriffs
  2 vampires (D:9)
  2 wyverns
  A shadow (D:6)
  8 yaks
  A basilisk (shapeshifter) (D:9)
  A steam dragon (D:7)
  A neqoxec (Orc)
  2 basilisks
  3 wargs (Orc)
  5 soldier ants (Gauntlet)
  Edmund (D:4)
  A porcupine (Lair:2)
  2 sky beasts
  9 ice beasts
  31 orc warriors
  7 ogres
  A phantom (D:6)
  A centaur (D:7)
  2 big kobolds (D:9)
  6 bullfrogs
  A wyvern zombie (D:7)
  3 scorpions
  13 wights
  2 vampire bats (D:8)
  3 howler monkeys (D:8)
  7 crimson imps
  2 draconian simulacra (IceCv)
  A bullfrog zombie (D:6)
  A centaur zombie (D:5)
  6 hounds
  A wyvern simulacrum (D:9)
  A jelly (D:5)
  21 orc priests
  11 orc wizards
  An iron imp (D:5)
  Ijyb (D:4)
  A bullfrog skeleton (D:6)
  Terence (D:3)
  An iguana (D:8)
  A spriggan simulacrum (IceCv)
  2 troll simulacra (IceCv)
  2 worker ants
  2 centaur simulacra (IceCv)
  A hound zombie (D:5)
  Robin (D:4)
  A howler monkey skeleton (D:9)
  6 gnolls
  5 adders
  A naga simulacrum (IceCv)
  2 ogre simulacra (IceCv)
  4 adder skeletons
  An adder zombie (D:6)
  A worm (D:3)
  A dart slug (D:4)
  3 leopard geckos
  67 orcs
  A bat skeleton (D:8)
  3 bat zombies (D:8)
  4 giant cockroaches
  12 goblins
  6 hobgoblins
  15 jackals
  2 quokkas (D:3)
  A ball python (D:2)
  A bat (D:3)
  6 frilled lizards
  2 jackal skeletons (D:4)
  15 kobolds
  3 rats
  A plant (Gauntlet)
394 creatures vanquished.

Vanquished Creatures (others)
  2 fungi (Lair:1)
  18 plants (Gauntlet)
20 creatures vanquished.

Grand Total: 414 creatures vanquished

Notes
Turn   | Place    | Note
-------+----------+-------------------------------------------
     0 | D:1      | diana the Demonspawn Gladiator began the quest for the Orb.
     0 | D:1      | Reached XP level 1. HP: 16/16 MP: 1/1
    27 | D:1      | Reached skill level 3 in Axes
   130 | D:1      | Gained mutation: When hurt, damage is shared between your
                  | health and your magic reserves. [demonic ancestry]
   130 | D:1      | Reached XP level 2. HP: 13/22 MP: 2/2
  1032 | D:2      | Found an opulent altar of Gozag.
  1140 | D:2      | Became a worshipper of Gozag Ym Sagoz the Greedy
  1312 | D:3      | Gained mutation: You are partially covered in sharp spines.
                  | [demonic ancestry]
  1312 | D:3      | Reached XP level 3. HP: 17/28 MP: 1/3
  1572 | D:3      | Noticed Terence
  1601 | D:3      | Killed Terence
  1601 | D:3      | Reached skill level 4 in Axes
  1601 | D:3      | Reached XP level 4. HP: 3/35 MP: 2/4
  2003 | D:3      | Found a hide-covered altar of Uskayaw.
  2061 | D:3      | Reached XP level 5. HP: 37/41 MP: 3/5
  2063 | D:3      | Noticed an ogre
  2067 | D:3      | Killed an ogre
  2067 | D:3      | Reached skill level 5 in Axes
  2770 | D:4      | Noticed Edmund
  2774 | D:4      | Got a coiled steel amulet
  2795 | D:4      | Gained mutation: You regenerate magic rapidly. [demonic
                  | ancestry]
  2795 | D:4      | Reached XP level 6. HP: 42/48 MP: 3/6
  2819 | D:4      | Killed Edmund
  2833 | D:4      | Identified the amulet "Hipuplume" {Inacc rPois rC+ MR+}
                  | (You found it on level 4 of the Dungeon)
  2914 | D:4      | Identified the +1 helmet "Qiuf" {+Blink Int+7}
  2914 | D:4      | Noticed Robin
  3046 | D:4      | Killed Robin
  3218 | D:4      | Noticed Ijyb
  3225 | D:4      | Gained mutation: You passively map a small area around you.
                  | [potion of mutation]
  3225 | D:4      | Gained mutation: You have a pair of small antennae on your
                  | head. [potion of mutation]
  3236 | D:4      | Killed Ijyb
  3236 | D:4      | Reached skill level 6 in Axes
  3577 | D:4      | Reached XP level 7. HP: 55/55 MP: 7/7
  3822 | D:5      | Entered Level 5 of the Dungeon
  4006 | D:5      | Lost mutation: You passively map a small area around you.
                  | [potion of mutation]
  4006 | D:5      | Lost mutation: You have a pair of small antennae on your
                  | head. [potion of mutation]
  4006 | D:5      | Gained mutation: You are clumsy. (Dex -2) [potion of
                  | mutation]
  4006 | D:5      | Gained mutation: Your spells are a little harder to cast,
                  | but a little more powerful. [potion of mutation]
  4006 | D:5      | Gained mutation: You have sharp toenails. [potion of
                  | mutation]
  4007 | D:5      | Lost mutation: Your spells are a little harder to cast, but
                  | a little more powerful. [potion of mutation]
  4007 | D:5      | Lost mutation: You are clumsy. (Dex -2) [potion of
                  | mutation]
  4007 | D:5      | Lost mutation: You have sharp toenails. [potion of
                  | mutation]
  4007 | D:5      | Gained mutation: You have a pair of small horns on your
                  | head. [potion of mutation]
  4007 | D:5      | Gained mutation: You have large cloven feet. [potion of
                  | mutation]
  4008 | D:5      | Lost mutation: You have a pair of small horns on your head.
                  | [potion of mutation]
  4008 | D:5      | Lost mutation: You have large cloven feet. [potion of
                  | mutation]
  4008 | D:5      | Gained mutation: Your flesh is heat resistant. (rF+)
                  | [potion of mutation]
  4008 | D:5      | Gained mutation: Your mind is acute. (Int +2) [potion of
                  | mutation]
  4026 | D:5      | Noticed a shadow
  4027 | D:5      | Found a shadowy altar of Dithmenos.
  4028 | D:5      | Found a hazy altar of Hepliaklqana.
  4219 | D:5      | Reached skill level 5 in Fighting
  4453 | D:5      | Found a corrupted altar of Lugonu.
  4490 | D:5      | Reached skill level 7 in Axes
  4664 | D:5      | Found a snail-covered altar of Cheibriados.
  4921 | D:6      | Reached XP level 8. HP: 63/63 MP: 6/8
  4989 | D:6      | Found Sothatac's Mass Market.
  5358 | D:6      | Found a staircase to the Ecumenical Temple.
  5364 | D:6      | Reached skill level 8 in Axes
  5637 | D:6      | Found an iron altar of Okawaru.
  6239 | D:6      | Got an encrusted dagger
  6740 | D:7      | Reached skill level 9 in Axes
  6963 | D:7      | Identified the cursed +1 dagger of Sequestration {speed,
                  | MR+ Stlth+} (You found it on level 6 of the Dungeon)
  7012 | D:7      | Gained mutation: You are partially covered in large bone
                  | plates. (SH +4) [demonic ancestry]
  7012 | D:7      | Reached XP level 9. HP: 61/72 MP: 7/9
  7482 | D:7      | Found a glowing golden altar of the Shining One.
  7514 | D:7      | Reached skill level 10 in Axes
  8367 | D:8      | Found a staircase to the Orcish Mines.
  8367 | D:8      | Noticed a freezing wraith
  9286 | D:8      | Noticed an efreet
  9291 | D:8      | Killed an efreet
  9291 | D:8      | Reached skill level 11 in Axes
  9291 | D:8      | Reached XP level 10. HP: 65/82 MP: 7/10
  9293 | D:8      | Reached skill level 1 in Armour
  9567 | D:8      | Found an ancient bone altar of Kikubaaqudgha.
  9701 | D:8      | Found a shimmering blue altar of Sif Muna.
  9804 | D:8      | Bought the ring "Suomalir" {rF+ MR+ Int+3 Dex+4} for 732
                  | gold pieces
  9899 | Orc      | Entered the Orcish Mines
 10311 | Orc      | Found a frozen archway.
 10347 | IceCv    | Entered an ice cave
 10793 | IceCv    | Reached skill level 12 in Axes
 11062 | IceCv    | Noticed an ice statue
 11062 | IceCv    | Noticed an ice statue
 11366 | IceCv    | HP: 3/82 [ice beast[an ice statue] (10)]
 11368 | IceCv    | Mangled by an ice beast
 11369 | IceCv    | Reached XP level 9. HP: -11/75 MP: 0/9
 11407 | IceCv    | Reached skill level 5 in Dodging
 11643 | IceCv    | Reached XP level 10. HP: 82/82 MP: 10/10
 11715 | IceCv    | Noticed a necromancer
 11716 | IceCv    | Found the +9 scales of the Dragon King {rPois rF+ rC+ MR+}
 11724 | IceCv    | Killed a necromancer
 12329 | IceCv    | Killed an ice statue
 12360 | IceCv    | Killed an ice statue
 12632 | Orc      | Found a roughly hewn altar of Beogh.
 12929 | Orc      | Found Efeifeyme's Magic Scroll Emporium.
 12936 | Orc      | Noticed an orc knight
 12952 | Orc      | Noticed a rust devil
 12968 | Orc      | Killed an orc knight
 12968 | Orc      | Reached skill level 5 in Armour
 12985 | Orc      | Noticed an orc sorcerer
 12990 | Orc      | Killed from afar by an orc priest
 12991 | Orc      | Reached XP level 9. HP: -4/75 MP: 0/9
 12996 | Orc      | Found a staircase to the Elven Halls.
 13016 | Orc      | Killed an orc sorcerer
 13016 | Orc      | Reached XP level 10. HP: 59/82 MP: 7/10
 13029 | Orc      | Reached skill level 13 in Axes
 13179 | Orc      | Noticed an orc warlord
 13180 | Orc      | Noticed an orc sorcerer
 13182 | Orc      | Identified 3 scrolls of acquirement
 13183 | Orc      | Noticed a rust devil
 13192 | Orc      | Killed an orc sorcerer
 13192 | Orc      | Killed an orc warlord
 13867 | Orc      | Found Goawesu's Food Shoppe.
 14411 | Orc      | Bought a scroll of blinking for 120 gold pieces
 14411 | Orc      | Bought a scroll of teleportation for 48 gold pieces
 14411 | Orc      | Bought a scroll of teleportation for 48 gold pieces
 14469 | Orc      | Noticed a smoke demon
 14493 | Orc      | Killed a smoke demon
 14493 | Orc      | Gained mutation: You have a pair of small antennae on your
                  | head. [demonic ancestry]
 14493 | Orc      | Reached XP level 11. HP: 76/87 MP: 9/11
 14563 | Orc      | Noticed an orc high priest
 14567 | Orc      | Noticed an orc knight
 14570 | Orc      | Noticed an orc sorcerer
 14579 | Orc      | Killed an orc knight
 14582 | Orc      | Killed an orc sorcerer
 14583 | Orc      | Noticed an orc knight
 14588 | Orc      | Killed an orc high priest
 14591 | Orc      | Noticed an orc knight
 15029 | Orc      | Noticed an orc high priest
 15433 | D:9      | Found a staircase to the Lair.
 15433 | D:9      | Noticed a death yak
 15435 | D:9      | Noticed a death yak
 15444 | D:9      | Noticed a death yak
 15446 | D:9      | Noticed a death yak
 15451 | D:9      | Killed a death yak
 15451 | D:9      | Reached skill level 14 in Axes
 15459 | D:9      | Killed a death yak
 15545 | D:8      | Killed a death yak
 15788 | D:9      | Noticed a death yak
 15810 | D:9      | Killed a death yak
 16036 | D:9      | Killed a death yak
 16389 | D:9      | Gained mutation: You are mostly covered in sharp spines.
                  | [demonic ancestry]
 16389 | D:9      | Reached XP level 12. HP: 88/94 MP: 12/12
 17025 | Orc      | Killed an orc high priest
 17239 | Orc      | Noticed an orc high priest
 17239 | Orc      | Noticed an orc high priest
 17250 | Orc      | Killed an orc high priest
 17265 | Orc      | Killed an orc high priest
 17293 | Orc      | Noticed an orc high priest
 17412 | Orc      | Killed an orc high priest
 17993 | Lair:1   | Entered Level 1 of the Lair of Beasts
 18284 | Lair:1   | Reached skill level 15 in Axes
 18929 | Lair:2   | Found a gate leading to a gauntlet.
 18947 | Gauntlet | Entered a Gauntlet
 18947 | Gauntlet | Found a transporter.
 18957 | Gauntlet | Noticed a queen ant
 18958 | Gauntlet | Found a transporter.
 18960 | Gauntlet | Found a transporter.
 18967 | Gauntlet | Found a transporter.
 18982 | Gauntlet | Found a transporter.
 18987 | Gauntlet | Found a transporter.
 19002 | Gauntlet | Found a transporter.
 19021 | Gauntlet | Found a transporter.
 19033 | Gauntlet | Found a transporter.
 19033 | Gauntlet | Noticed a green death
 19045 | Gauntlet | Found a transporter.
 19051 | Gauntlet | Found a transporter.
 19051 | Gauntlet | Found a transporter.
 19080 | Gauntlet | Found a transporter.
 19086 | Gauntlet | Found a transporter.
 19101 | Gauntlet | Found a transporter.
 19118 | Gauntlet | Found a transporter.
 19137 | Gauntlet | Found a transporter.
 19335 | Gauntlet | Killed a queen ant
 19454 | Gauntlet | Found a transporter.
 19617 | Gauntlet | HP: 3/90 [poisoned by a death drake (foul vapour)]
 19617 | Gauntlet | Slain by a spectral wolf spider

Skill      XL: |  1  2  3  4  5  6  7  8  9 10 11 12 |
---------------+-------------------------------------+-----
Axes           | 3 4 5 6 7 9 11 13 14 15 | 15.3
Fighting       | 3 4 5 7 8 |  8.4
Armour         | 4 6 7 8 |  8.4
Dodging        | 6 4 8 |  8.9
Throwing       | |  1.7

Action                   |  1- 3 |  4- 6 |  7- 9 | 10-12 || total
-------------------------+-------+-------+-------+-------++-------
Melee: War axe           |    99 |    83 |   127 |       ||   309
       Unarmed           |       |    21 |       |       ||    21
       Battleaxe         |       |       |   164 |   711 ||   875
Throw: Throwing net      |     1 |       |       |       ||     1
Invok: Potion Petition   |       |       |     1 |     2 ||     3
       Call Merchant     |       |       |       |     1 ||     1
Evoke: Wand              |       |    10 |     6 |     6 ||    22
  Use: Potion            |     4 |     5 |     4 |    11 ||    24
       Scroll            |       |     4 |     3 |    18 ||    25
 Stab: Sleeping          |     2 |     1 |       |       ||     3
       Confused          |       |     4 |       |       ||     4
       Paralysed         |       |       |       |     3 ||     3
       Distracted        |       |       |       |     2 ||     2
  Eat: Ration            |       |     2 |     6 |     8 ||    16
Armor: Leather armour    |    31 |    22 |    48 |       ||   101
       Skin              |       |    17 |       |       ||    17
       Plate armour      |       |       |    12 |    87 ||    99
       Gold dragon scale |       |       |     3 |   384 ||   387
Dodge: Dodged            |    85 |    63 |   172 |   116 ||   436
       Deflected         |       |       |       |     1 ||     1
Block: Other             |       |       |    35 |   200 ||   235
       Reflection        |       |       |       |     4 ||     4
